AoeStats
← JamesNewstedd

Arena

504993770Analyzed
1v1 RM · 25d ago on Sep 7, 2026· 32m 22s· 2 players
Game mode
Random Map
Map size
Tiny (2 player)
Population
200
Speed
Normal
Resources
Standard
Victory
Conquest
Starting age
Dark Age
Ending age
Imperial Age
RankedLock teamsTeams togetherTeam positionsShared explorationLock speedFull tech treeHidden civsTurbo modeCheats
Victory
Defeat
🇩🇪 Teutons · Germany
1764
+17
🇦🇷 Muisca · Argentina
1781
-17
JamesNewstedd
10:33 Feudal Age
14:02 Castle Age
12:01 Double-Bit Axe
12:28 Horse Collar
14:58 Bow Saw
15:37 Town Watch
17:20 Wheelbarrow
16:53 Gold Mining
21:40 Atonement
24:29 Devotion
26:37 Fervor
26:39 Redemption
31:26 Imperial Age
30:27 Sanctity
31:50 Heavy Plow
32:29 Block Printing
32:39 Illumination
32:50 Theocracy
假如种子不死
9:37 Feudal Age
10:14 Double-Bit Axe
10:21 Loom
13:11 Castle Age
11:49 Gold Mining
15:53 Sanctity
16:09 Atonement
18:55 Devotion
19:28 Town Watch
21:21 Bow Saw
21:43 Redemption
27:46 Imperial Age
25:24 Fletching
27:06 Wheelbarrow
28:56 Block Printing
29:06 Illumination
29:17 Theocracy
29:42 Stone Mining
29:34 Horse Collar
Connection lost

Rejoining the realm…

Still unreachable

The connection could not be restored.

Session expired

The server has moved on; the page needs a fresh start.